AoeStats
← lukas.reiter177

Arabia

506073525Analyzed
1v1 RM · 19d ago on Sep 12, 2026· 91m 5s· 2 players
Game mode
Random Map
Map size
Tiny (2 player)
Population
200
Speed
Normal
Resources
Standard
Victory
Conquest
Starting age
Dark Age
Ending age
Imperial Age
RankedLock teamsTeams togetherTeam positionsShared explorationLock speedFull tech treeHidden civsTurbo modeCheats
Victory
Defeat
🇦🇹 Mongols · Austria
1164
+15
🇨🇿 Ethiopians · Czechia
1142
-15
-Hamm-
6:59 Loom
9:37 Feudal Age
10:30 Double-Bit Axe
11:47 Horse Collar
14:58 Fletching
20:27 Castle Age
20:29 Crossbowman
21:08 Bodkin Arrow
22:21 Gold Mining
23:14 Ballistics
23:25 Town Watch
24:45 Wheelbarrow
24:25 Bow Saw
28:33 Hand Cart
28:22 Heavy Plow
30:42 Squires
30:45 Scale Mail Armor
31:52 Stone Mining
35:47 Imperial Age
35:00 Thumb Ring
35:18 Town Patrol
35:21 Padded Archer Armor
36:24 Arbalester
37:56 Chain Mail Armor
37:42 Bracer
40:57 Halberdier
41:51 Forging
45:09 Chemistry
44:38 Conscription
45:32 Sappers
47:08 Gold Shaft Mining
47:42 Leather Archer Armor
47:58 Plate Mail Armor
48:04 Iron Casting
50:14 Ring Archer Armor
55:03 Blast Furnace
57:59 Husbandry
57:19 Light Cavalry
60:28 Hussar
61:22 Scale Barding Armor
63:16 Chain Barding Armor
64:41 Torsion Engines
lukas.reiter177
6:09 Loom
8:26 Feudal Age
9:13 Double-Bit Axe
12:46 Padded Archer Armor
13:58 Fletching
14:59 Horse Collar
19:12 Gold Mining
22:26 Castle Age
21:32 Scale Barding Armor
21:38 Forging
22:30 Bloodlines
22:27 Elite Skirmisher
23:09 Bodkin Arrow
23:36 Husbandry
24:29 Leather Archer Armor
24:40 Light Cavalry
26:50 Wheelbarrow
27:42 Gold Shaft Mining
29:22 Chain Barding Armor
34:28 Iron Casting
37:59 Hand Cart
42:25 Imperial Age
40:07 Thumb Ring
40:55 Bow Saw
41:07 Stone Mining
43:28 Bracer
45:12 Chemistry
44:46 Elite Steppe Lancer
46:43 Conscription
47:30 Blast Furnace
48:06 Ballistics
59:39 Drill
59:05 Capped Ram
60:24 Siege Ram
Connection lost

Rejoining the realm…

Still unreachable

The connection could not be restored.

Session expired

The server has moved on; the page needs a fresh start.